Warning! The script has encountered some errors when parsing the replay. Please report them to the . » details
          0x00, prev: 0x16: 16 02 05 00 C7 0D 00 00 89 CA 06 00 B3 0E 00 00 BE CF 04 00 9D 47 00 00 E6 18 05 00 13 68 00 00 C3 61 06 00 C4 69 00 00 F2 61 06 00 [00] 00 00 00 00 00 00 00 00 00 00 00 00 00 00 00 00 00 00 00 00 00 00 00 00 00 
0x00, prev: 0x00: 16 02 05 00 C7 0D 00 00 89 CA 06 00 B3 0E 00 00 BE CF 04 00 9D 47 00 00 E6 18 05 00 13 68 00 00 C3 61 06 00 C4 69 00 00 F2 61 06 00 00 00 00 00 00 00 00 00 00 00 00 00 00 00 00 00 00 00 00 00 00 00 00 00 [00] 00 
        General information
			
			
        
        - name: BNet
 
        - type: Ladder team game (AT/RT)
 
        - host: Battle.net
 
        - saver: brucewillisusa
 
        
map: DragonFalls 
        - players: 8
 
        - length: 17:52
 
        - speed: Fast
 - version: 1.22 W3XP
 - replay type:  Public
 
» download(96 KB)
Players
        team 1 (loser) 
              
              
» 
oJoCaStLeD-cPj (
blue | 29 APM | 467 actions | 16:15)
              
 2 Blademaster 
 1 Wind Walk
 1 Critical Strike
 
                » actions 
                
                | Build / train | 60 |  | 
| Enter build submenu | 20 |  | 
| Enter hero's abilities submenu | 2 |  | 
| Remove unit from queue | 2 |  | 
| Right click | 157 |  | 
| Select / deselect | 187 |  | 
| Use ability | 39 |  | 
                467 total
 » units 
                
                | Peon | 17 |  | 
| Wind Rider | 6 |  | 
| Shaman | 2 |  | 
| Raider | 6 |  | 
| Chimaera | 8 |  | 
                39 total
 » upgrades
                
                | Witch Doctor Training | 0 |  | 
| Shaman Training | 2 |  | 
| Envenomed Spears | 1 |  | 
| Ensnare | 1 |  | 
| Strength of the Wild | 2 |  | 
| Reinforced Hides | 2 |  | 
                8 total
 » buildings
                
                | Orc Burrow | 5 |  | 
| Altar of Storms | 1 |  | 
| Voodoo Lounge | 1 |  | 
| Stronghold | 1 |  | 
| War Mill | 1 |  | 
| Fortress | 1 |  | 
| Spirit Lodge | 1 |  | 
| Beastiary | 2 |  | 
| Chimaera Roost | 3 |  | 
| Great Hall | 1 |  | 
| Moon Well | 2 |  | 
                19 total
 » build order
                00:19 Orc Burrow
00:22 Altar of Storms
01:27 Voodoo Lounge
02:37 Stronghold
03:04 War Mill
03:45 Orc Burrow
04:44 Orc Burrow
04:59 Fortress
05:02 Spirit Lodge
05:07 Beastiary
05:11 Beastiary
05:29 Orc Burrow
12:32 Chimaera Roost
12:37 Chimaera Roost
12:53 Chimaera Roost
14:08 Great Hall
14:17 Moon Well
14:49 Moon Well
15:21 Orc Burrow
» items
                
                | Healing Salve | 1 |  | 
| Lesser Clarity Potion | 2 |  | 
| Orb of Lightning | 1 |  | 
| Scroll of Town Portal | 2 |  | 
                6 total
  
               
              
              
mikeree112 (
red | 29 APM | 516 actions | 17:50)
              
 3 Mountain King 
 2 Storm Bolt
 1 Bash
 1 Blood Mage 
 1 Flame Strike
 
                » actions 
                
                | Basic commands | 65 |  | 
| Build / train | 59 |  | 
| Enter build submenu | 14 |  | 
| Enter hero's abilities submenu | 4 |  | 
| Give item / drop item | 1 |  | 
| Right click | 149 |  | 
| Select / deselect | 185 |  | 
| Use ability | 39 |  | 
                516 total
 » units 
                
                | Peasant | 9 |  | 
| Footman | 11 |  | 
| Rifleman | 1 |  | 
| Priest | 3 |  | 
| Knight | 6 |  | 
| Sorceress | 2 |  | 
                32 total
 » upgrades
                
                | Defend | 1 |  | 
| Masonry | 2 |  | 
| Lumber Harvesting | 1 |  | 
| Swords | 2 |  | 
| Gunpowder | 1 |  | 
| Plating | 2 |  | 
| Armor | 1 |  | 
| Long Rifles | 1 |  | 
| Sorceress Training | 1 |  | 
| Animal War Training | 1 |  | 
| Control Magic | 1 |  | 
                14 total
 » buildings
                
                | Altar of Kings | 1 |  | 
| Farm | 5 |  | 
| Barracks | 1 |  | 
| Lumber Mill | 1 |  | 
| Scout Tower | 2 |  | 
| Guard Tower | 2 |  | 
| Keep | 1 |  | 
| Arcane Vault | 1 |  | 
| Blacksmith | 1 |  | 
| Castle | 1 |  | 
| Arcane Sanctum | 1 |  | 
                17 total
 » build order
                00:08 Altar of Kings
00:37 Farm
00:51 Barracks
01:18 Farm
01:25 Lumber Mill
02:07 Scout Tower
02:12 Farm
02:39 Guard Tower
02:53 Scout Tower
04:18 Guard Tower
04:27 Keep
05:29 Arcane Vault
05:46 Blacksmith
06:36 Farm
09:01 Castle
09:08 Arcane Sanctum
09:46 Farm
» items
                
                | Scroll of Regeneration | 2 |  | 
| Periapt of Vitality | 1 |  | 
                3 total
  
               
              
              
Witesox17 (
pink | 53 APM | 643 actions | 12:10)
              
 3 Priestess of the Moon 
 2 Trueshot Aura
 1 Scout
 2 Demon Hunter 
 1 Mana Burn
 1 Evasion
 
                » actions 
                
                | Assign group hotkey | 14 |  | 
| Basic commands | 37 |  | 
| Build / train | 41 |  | 
| Enter build submenu | 16 |  | 
| Enter hero's abilities submenu | 6 |  | 
| Right click | 268 |  | 
| Select / deselect | 157 |  | 
| Select group hotkey | 87 |  | 
| Use ability | 17 |  | 
                643 total
 » units 
                
                | Wisp | 17 |  | 
| Archer | 6 |  | 
| Chimaera | 1 |  | 
| Druid of the Talon | 1 |  | 
                25 total
 » upgrades
                
                | Improved Bows | 1 |  | 
| Druid of the Talon Training | 1 |  | 
                2 total
 » buildings
                
                | Altar of Elders | 1 |  | 
| Moon Well | 4 |  | 
| Ancient of War | 1 |  | 
| Tree of Ages | 1 |  | 
| Ancient of Wonders | 1 |  | 
| Hunter's Hall | 1 |  | 
| Tree of Life | 1 |  | 
| Tree of Eternity | 1 |  | 
| Ancient of Wind | 1 |  | 
| Chimaera Roost | 2 |  | 
                14 total
 » build order
                00:04 Altar of Elders
00:25 Moon Well
00:49 Ancient of War
01:34 Moon Well
02:29 Moon Well
03:22 Moon Well
03:37 Tree of Ages
03:43 Ancient of Wonders
04:16 Hunter's Hall
05:22 Tree of Life
06:45 Tree of Eternity
06:57 Ancient of Wind
09:07 Chimaera Roost
10:24 Chimaera Roost
» items
                
                | Boots of Speed | 1 |  | 
| Scroll of Healing | 1 |  | 
                2 total
  
               
              
              
» 
Ronald_McFondle (
teal | 41 APM | 668 actions | 16:10)
              
 3 Blademaster 
 1 Wind Walk
 2 Critical Strike
 
                » actions 
                
                | Build / train | 72 |  | 
| Enter build submenu | 15 |  | 
| Enter hero's abilities submenu | 3 |  | 
| Give item / drop item | 1 |  | 
| Remove unit from queue | 2 |  | 
| Right click | 214 |  | 
| Select / deselect | 316 |  | 
| Use ability | 45 |  | 
                668 total
 » units 
                
                | Peon | 22 |  | 
| Grunt | 9 |  | 
| Shaman | 3 |  | 
| Wind Rider | 5 |  | 
| Raider | 4 |  | 
| Chimaera | 1 |  | 
                44 total
 » upgrades
                
                | Melee Weapons | 2 |  | 
| Armor | 1 |  | 
| Spiked Barricades | 2 |  | 
| Berserker Strength | 1 |  | 
| Shaman Training | 2 |  | 
| Envenomed Spears | 1 |  | 
| Ensnare | 1 |  | 
| Reinforced Defenses | 1 |  | 
| Corrosive Breath | 1 |  | 
                12 total
 » buildings
                
                | Altar of Storms | 1 |  | 
| Orc Burrow | 7 |  | 
| Voodoo Lounge | 1 |  | 
| Barracks | 1 |  | 
| War Mill | 1 |  | 
| Stronghold | 2 |  | 
| Fortress | 1 |  | 
| Great Hall | 2 |  | 
| Spirit Lodge | 1 |  | 
| Beastiary | 1 |  | 
                18 total
 » build order
                00:08 Altar of Storms
00:12 Orc Burrow
00:25 Voodoo Lounge
01:14 Orc Burrow
01:45 Barracks
02:23 War Mill
02:50 Orc Burrow
04:24 Stronghold
04:24 Stronghold
05:25 Orc Burrow
06:27 Orc Burrow
07:10 Fortress
08:17 Great Hall
08:23 Spirit Lodge
09:02 Beastiary
15:02 Great Hall
15:23 Orc Burrow
15:25 Orc Burrow
» items
                
                | Healing Salve | 2 |  | 
| Scroll of Speed | 1 |  | 
| Potion of Healing | 1 |  | 
| Potion of Mana | 1 |  | 
                5 total
  
               team 2 (winner) 
              
              
brucewillisusa (
yellow | 78 APM | 1388 actions | 17:52)
              
 7 Archmage 
 3 Summon Water Elemental
 3 Brilliance Aura
 1 Mass Teleport
 3 Paladin 
 2 Holy Light
 1 Divine Shield
 
                » actions 
                
                | Assign group hotkey | 71 |  | 
| Basic commands | 63 |  | 
| Build / train | 58 |  | 
| ESC pressed | 3 |  | 
| Enter build submenu | 25 |  | 
| Enter hero's abilities submenu | 10 |  | 
| Give item / drop item | 4 |  | 
| Right click | 420 |  | 
| Select / deselect | 254 |  | 
| Select group hotkey | 387 |  | 
| Use ability | 93 |  | 
                1388 total
 » units 
                
                | Peasant | 13 |  | 
| Rifleman | 13 |  | 
| Spell Breaker | 4 |  | 
| Sorceress | 2 |  | 
| Priest | 1 |  | 
                33 total
 » upgrades
                
                | Gunpowder | 2 |  | 
| Long Rifles | 1 |  | 
| Armor | 2 |  | 
                5 total
 » buildings
                
                | Farm | 15 |  | 
| Altar of Kings | 1 |  | 
| Blacksmith | 1 |  | 
| Barracks | 2 |  | 
| Scout Tower | 1 |  | 
| Arcane Tower | 1 |  | 
| Keep | 1 |  | 
| Town Hall | 1 |  | 
| Arcane Sanctum | 2 |  | 
| Arcane Vault | 1 |  | 
| Castle | 1 |  | 
                27 total
 » build order
                00:34 Farm
00:43 Altar of Kings
01:34 Blacksmith
01:38 Barracks
01:52 Farm
02:20 Barracks
02:32 Farm
02:38 Scout Tower
03:14 Arcane Tower
03:34 Farm
03:39 Farm
03:56 Farm
03:58 Farm
04:41 Farm
05:58 Keep
06:08 Town Hall
08:37 Arcane Sanctum
08:39 Arcane Vault
10:13 Arcane Sanctum
11:39 Farm
11:42 Farm
11:43 Farm
11:43 Farm
14:30 Farm
14:30 Farm
15:09 Castle
» items
                
                | Scroll of Healing | 1 |  | 
| Scroll of Protection | 1 |  | 
| Scroll of Regeneration | 1 |  | 
| Scroll of Town Portal | 1 |  | 
| Potion of Healing | 1 |  | 
                5 total
  
               
              
              
Peste (
green | 3 APM | 60 actions | 17:51)
              
                » actions 
                
                | Build / train | 6 |  | 
| Remove unit from queue | 1 |  | 
| Right click | 2 |  | 
| Select / deselect | 51 |  | 
                60 total
 » units 
                 
               
              
              
BobMarleyAndMe (
purple | 32 APM | 569 actions | 17:51)
              
 6 Death Knight 
 3 Death Coil
 2 Death Pact
 1 Animate Dead
 
                » actions 
                
                | Build / train | 46 |  | 
| Enter build submenu | 11 |  | 
| Enter hero's abilities submenu | 7 |  | 
| Remove unit from queue | 8 |  | 
| Right click | 299 |  | 
| Select / deselect | 176 |  | 
| Use ability | 22 |  | 
                569 total
 » units 
                
                | Acolyte | 7 |  | 
| Ghoul | 2 |  | 
| Crypt Fiend | 12 |  | 
| Gargoyle | 2 |  | 
                23 total
 » upgrades
                
                | Creature Attack | 2 |  | 
| Creature Carapace | 2 |  | 
| Web | 1 |  | 
| Burrow | 1 |  | 
                6 total
 » buildings
                
                | Crypt | 2 |  | 
| Graveyard | 1 |  | 
| Ziggurat | 6 |  | 
| Altar of Darkness | 1 |  | 
| Halls of the Dead | 1 |  | 
| Black Citadel | 1 |  | 
                12 total
 » build order
                00:25 Crypt
00:35 Graveyard
00:54 Ziggurat
01:14 Altar of Darkness
01:22 Ziggurat
05:29 Ziggurat
06:04 Ziggurat
07:38 Ziggurat
07:44 Ziggurat
08:15 Halls of the Dead
10:09 Crypt
12:24 Black Citadel
 
               
              
              
Sapex (
orange | 43 APM | 762 actions | 17:51)
              
 6 Tauren Chieftain 
 3 War Stomp
 2 Endurance Aura
 1 Reincarnation
 
                » actions 
                
                | Assign group hotkey | 17 |  | 
| Basic commands | 70 |  | 
| Build / train | 49 |  | 
| ESC pressed | 1 |  | 
| Enter build submenu | 16 |  | 
| Enter hero's abilities submenu | 6 |  | 
| Right click | 300 |  | 
| Select / deselect | 200 |  | 
| Select group hotkey | 67 |  | 
| Use ability | 36 |  | 
                762 total
 » units 
                
                | Peon | 6 |  | 
| Grunt | 22 |  | 
| Troll Headhunter/Berserker | 3 |  | 
                31 total
 » upgrades
                
                | Armor | 2 |  | 
| Melee Weapons | 2 |  | 
| Ranged Weapons | 1 |  | 
| Spiked Barricades | 1 |  | 
| Berserker Strength | 1 |  | 
| Reinforced Defenses | 1 |  | 
                8 total
 » buildings
                
                | Altar of Storms | 1 |  | 
| Barracks | 2 |  | 
| Orc Burrow | 6 |  | 
| Voodoo Lounge | 1 |  | 
| War Mill | 1 |  | 
| Great Hall | 1 |  | 
| Watch Tower | 2 |  | 
| Stronghold | 1 |  | 
| Fortress | 1 |  | 
                16 total
 » build order
                00:20 Altar of Storms
00:21 Barracks
00:24 Orc Burrow
02:21 Voodoo Lounge
02:46 Orc Burrow
03:33 War Mill
05:27 Orc Burrow
05:53 Great Hall
06:28 Watch Tower
07:05 Stronghold
07:35 Watch Tower
08:21 Orc Burrow
08:47 Orc Burrow
10:09 Fortress
13:25 Barracks
14:46 Orc Burrow
» items
                 
                Chat log
          (00:10 / Allies) BobMarleyAndMe: rush.
(00:12 / Allies) BobMarleyAndMe: i got fiends
(00:59 / Allies) BobMarleyAndMe: ?
(01:24 / Allies) Sapex: ????
(01:39 / Allies) BobMarleyAndMe: noob
(02:24 / Allies) BobMarleyAndMe: fukin gay
(02:38 / Allies) Sapex: gg?
(04:39 / Allies) Sapex: gg?
(04:49 / Allies) Sapex: o a plan?
(04:55 / Allies) BobMarleyAndMe: plan
(05:03 / Allies) brucewillisusa: lol
(06:36 / All) oJoCaStLeD-cPj: gg
(06:45 / All) brucewillisusa: we had a stabber
(06:47 / All) brucewillisusa: peste
(06:53 / All) oJoCaStLeD-cPj: y?
(07:00 / All) brucewillisusa: what do you mean t
(07:01 / All) brucewillisusa: y
(07:07 / All) BobMarleyAndMe: he is a noob
(07:08 / All) oJoCaStLeD-cPj: y did he bs?
(07:12 / All) brucewillisusa: cuz heas a beaner
(09:10 / Allies) brucewillisusa: got web?
(09:40 / Allies) brucewillisusa: noob
(10:00 / Allies) brucewillisusa: all go
(10:22 / Allies) brucewillisusa: spenmd  your gold
(10:23 / Allies) brucewillisusa: 1220 gold
(10:24 / Allies) brucewillisusa: sopend
(10:25 / Allies) brucewillisusa: spend
(10:26 / Allies) brucewillisusa: spend
(10:28 / Allies) BobMarleyAndMe: i
(10:30 / Allies) BobMarleyAndMe: am
(10:35 / Allies) brucewillisusa: 1300 now
(10:37 / Allies) brucewillisusa: no  you arent
(10:38 / Allies) brucewillisusa: why lie?
(10:47 / Allies) BobMarleyAndMe: waitin 4 up grade
(12:23 / All) oJoCaStLeD-cPj: pink had over 3 k gold
(12:29 / All) brucewillisusa: 3v4
(12:31 / All) brucewillisusa: we had a bser
(16:20 / All) brucewillisusa: 3v4
(16:24 / All) brucewillisusa: blademaster fags
(16:26 / All) brucewillisusa: suck my ass dry
(17:04 / All) brucewillisusa: so bad
(17:05 / All) brucewillisusa: leave bm noob